[Event "FIDE WCCC Open-08 2024"]
[Site "Montesilvano"]
[Date "2024.11.25"]
[Round "10.44"]
[White "Juzbasic, Marul"]
[Black "Smilga, Olivers"]
[Result "1-0"]
[Annotator "NA RC"]
[ECO "B30"]
[WhiteElo "1726"]
[BlackElo "1439"]
[PlyCount "75"]
[EventDate "2024.11.18"]
[EventType "swiss"]
[EventCountry "ITA"]
[SourceTitle "playchess.com"]
[Source "ChessBase"]
[SourceQuality "1"]
[TimeControl "5400+30"]

1. e4 c5 2. Nf3 g6 3. Bc4 Nc6 4. O-O d6 5. Re1 Bg7 6. c3 Bg4 7. h3 Bxf3 8. Qxf3 Nf6 9. d3 O-O 10. Nd2 Ne5 11. Qe3 a6 12. Bb3 b5 13. d4 cxd4 14. cxd4 Nc6 15. f4 Nd7 16. Nf3 Qb6 17. e5 dxe5 18. fxe5 Na5 19. Kh1 Nxb3 20. axb3 Rac8 21. Bd2 h6 22. Bb4 Rfe8 23. Qe4 Qc6 24. d5 Qc2 25. Qe3 Qc7 26. Rac1 Qb7 27. e6 fxe6 28. Qxe6+ Kh7 29. Rxc8 Qxc8 30. Qf7 Rf8 31. Qxe7 Qd8 32. d6 Qxe7 33. dxe7 Re8 34. Rd1 Nf6 35. Rd8 a5 36. Bc5 a4 37. Nd4 axb3 38. Nxb5 1-0

[Event "FIDE WCCC Open-08 2024"]
[Site "Montesilvano"]
[Date "2024.11.25"]
[Round "10.45"]
[White "Kuncoro, Harvey"]
[Black "Bisetto, Alessandro Federico"]
[Result "0-1"]
[Annotator "NA RC"]
[ECO "C58"]
[WhiteElo "1432"]
[BlackElo "1671"]
[PlyCount "130"]
[EventDate "2024.11.18"]
[EventType "swiss"]
[EventCountry "ITA"]
[SourceTitle "playchess.com"]
[Source "ChessBase"]
[SourceQuality "1"]
[TimeControl "5400+30"]

1. e4 e5 2. Nf3 Nc6 3. Bc4 Nf6 4. Ng5 d5 5. exd5 Na5 6. Bb5+ c6 7. dxc6 bxc6 8. Qf3 Be7 9. h3 Bb7 10. Ba4 O-O 11. O-O Nd5 12. Ne4 f5 13. Ng3 e4 14. Qe2 Rf6 15. b4 Nxb4 16. Bb2 Ba6 17. Bxf6 Bxf6 18. Qxa6 Nxa6 19. c3 Nc5 20. Bc2 g6 21. f3 Bh4 22. Ne2 Nc4 23. Nd4 Qb6 24. Kh1 Qb8 25. Nb3 Be7 26. fxe4 Nxe4 27. Bxe4 fxe4 28. Re1 Qg3 29. Rxe4 Bd6 30. Kg1 Rf8 31. Rf4 Bxf4 32. Nd4 Be3+ 33. dxe3 Qe1+ 34. Kh2 Nxe3 35. Nc2 Nxc2 36. Na3 Qxa1 37. Nxc2 Rf1 38. Ne3 Rh1+ 39. Kg3 Qe1+ 40. Kf4 Qxe3+ 41. Kxe3 Ra1 42. g4 Rxa2 43. h4 Rh2 44. h5 gxh5 45. g5 Rh3+ 46. Kd4 Rxc3 47. Kxc3 Kg7 48. Kc4 Kg6 49. Kc5 Kxg5 50. Kxc6 h4 51. Kc5 a5 52. Kc4 a4 53. Kc3 a3 54. Kc2 a2 55. Kb2 a1=Q+ 56. Kxa1 h3 57. Kb1 h2 58. Kc2 h1=Q 59. Kc3 Qd5 60. Kb4 h5 61. Ka3 h4 62. Kb2 h3 63. Kc2 h2 64. Kc3 h1=Q 65. Kb4 Qc1 0-1

[Event "FIDE WCCC Open-08 2024"]
[Site "Montesilvano"]
[Date "2024.11.25"]
[Round "10.46"]
[White "Kakagiannis, Stylianos"]
[Black "Kortmann, Pedro Reck"]
[Result "1/2-1/2"]
[Annotator "NA RC"]
[ECO "B45"]
[WhiteElo "1423"]
[BlackElo "1630"]
[PlyCount "51"]
[EventDate "2024.11.18"]
[EventType "swiss"]
[EventCountry "ITA"]
[SourceTitle "playchess.com"]
[Source "ChessBase"]
[SourceQuality "1"]
[TimeControl "5400+30"]

1. e4 c5 2. Nf3 e6 3. d4 cxd4 4. Nxd4 Nf6 5. Nc3 Nc6 6. Be2 Bb4 7. Bf3 h6 8. O-O O-O 9. Nce2 d6 10. c3 Bc5 11. Re1 Ne5 12. Ng3 Nxf3+ 13. Qxf3 Re8 14. Bd2 Bd7 15. Rad1 b5 16. b4 Bb6 17. Be3 e5 18. Ndf5 Bxe3 19. Rxe3 Re6 20. h3 a5 21. a3 axb4 22. cxb4 Ra6 23. Red3 Be8 24. Nh1 Kh7 25. Ne3 Bc6 26. Ng3 1/2-1/2

[Event "FIDE WCCC Open-08 2024"]
[Site "Montesilvano"]
[Date "2024.11.25"]
[Round "10.47"]
[White "Chanishvili, Noa"]
[Black "Senthilkumar, Tharveen"]
[Result "1/2-1/2"]
[Annotator "NA RC"]
[ECO "D00"]
[WhiteElo "1553"]
[BlackElo "1411"]
[PlyCount "100"]
[EventDate "2024.11.18"]
[EventType "swiss"]
[EventCountry "ITA"]
[SourceTitle "playchess.com"]
[Source "ChessBase"]
[SourceQuality "1"]
[TimeControl "5400+30"]

1. d4 Nf6 2. Nc3 d5 3. Bf4 c6 4. e3 g6 5. Bd3 Bg7 6. h3 O-O 7. Nf3 b6 8. O-O Ba6 9. Bxa6 Nxa6 10. Qe2 Nc7 11. Rfe1 Ne6 12. Bh2 Re8 13. Rad1 b5 14. a3 a5 15. b4 axb4 16. axb4 Nf8 17. Ra1 N8d7 18. Qd1 Nb6 19. Nd2 Nfd7 20. Rxa8 Qxa8 21. Qa1 e5 22. Ne2 exd4 23. Nxd4 Qxa1 24. Rxa1 Bxd4 25. exd4 Re2 26. Rd1 Nc4 27. Nxc4 bxc4 28. Rc1 c3 29. Bf4 Re4 30. Be3 f5 31. g3 Nb6 32. Kg2 Nc4 33. Kf3 Nd2+ 34. Ke2 g5 35. f3 Re8 36. Kf2 h6 37. Bxd2 cxd2 38. Rd1 Rb8 39. c3 Ra8 40. Rxd2 Ra3 41. Rc2 Kf7 42. Ke3 Ke6 43. f4 g4 44. hxg4 fxg4 45. Kd3 Kf5 46. Re2 h5 47. Re5+ Kg6 48. Re6+ Kf5 49. Rxc6 h4 50. gxh4 Kxf4 1/2-1/2

[Event "FIDE WCCC Open-08 2024"]
[Site "Montesilvano"]
[Date "2024.11.25"]
[Round "10.51"]
[White "Ramirez Mejia, Jose Gregorio"]
[Black "Hakobyan, Sos"]
[Result "1/2-1/2"]
[Annotator "NA RC"]
[ECO "C55"]
[WhiteElo "1489"]
[BlackElo "1806"]
[PlyCount "32"]
[EventDate "2024.11.18"]
[EventType "swiss"]
[EventCountry "ITA"]
[SourceTitle "playchess.com"]
[Source "ChessBase"]
[SourceQuality "1"]
[TimeControl "5400+30"]

1. e4 e5 2. Nf3 Nc6 3. Bc4 Nf6 4. d3 h6 5. O-O d6 6. h3 Be7 7. Be3 O-O 8. Nc3 Be6 9. Nd5 Bxd5 10. exd5 Nb4 11. Qd2 Nbxd5 12. d4 Nxe3 13. Qxe3 e4 14. Nd2 d5 15. Bb3 Re8 16. c4 c6 1/2-1/2